 Dungeon Crawl Stone Soup version 0.28-a0-313-gbc0475efdd (webtiles) character file.

Game seed: 5548040516280428779

212864 olmar the Hoplite (level 19, -4/124 HPs)
             Began as a Gargoyle Fighter on Aug 31, 2021.
             Was an Initiate of Gozag.
             Hit by a silver javelin thrown by a merfolk javelineer (14 damage)
             ... on level 3 of the Shoals.
             The game lasted 01:22:02 (32943 turns).

olmar the Hoplite (Gargoyle Fighter)               Turns: 32943, Time: 01:22:03

Health: -4/124     AC: 34    Str: 32    XL:     19   Next: 34%
Magic:  19/19      EV:  7    Int:  9    God:    Gozag
Gold:   6775       SH: 39    Dex: 14    Spells: 18/18 levels left

rFire   + + +      SeeInvis .   I - +10 eveningstar of the Hierophant {vorpal, rF+ rN+ Stlth+}
rCold   + + .      Faith    .   U - +18 shield of the Gong {rElec rN+ Will+ EV-5}
rNeg    + + +      Spirit   .   O - +1 chain mail "Xukuc" {rF+ Dex+5}
rPois   ∞          Reflect  +   v - +0 helmet
rElec   +          Harm     .   L - scarf {rC+ rF+}
rCorr   .          Rampage  .   X - +1 pair of gloves {archery}
Will    ++++.                   r - +1 pair of boots
Stlth   ..........              R - amulet of Inyvubb {Reflect rC+ Str+4 SH+5}
HPRegen 0.30/turn               j - ring of willpower
MPRegen 0.16/turn               Z - ring of willpower

@: about to teleport, flying
A: sickness immunity, AC +14, big wings, negative energy resistance 1,
electricity resistance, torment resistance 1, petrification resistance
a: Renounce Religion, Potion Petition, Call Merchant, Bribe Branch


You were on level 3 of the Shoals.
You worshipped Gozag.
Gozag was greatly pleased with you.
You visited 5 branches of the dungeon, and saw 29 of its levels.
You also visited: Gauntlet.

You collected 12349 gold pieces.
You spent 5508 gold pieces at shops.
You paid 66 gold pieces to Gozag.

Inventory:

Hand Weapons
 I - the +10 eveningstar of the Hierophant (weapon) {vorpal, rF+ rN+ Stlth+}
   (You acquired it on level 2 of the Lair of Beasts)

   It inflicts extra damage upon your enemies.
   rF:        It protects you from fire.
   rN:        It protects you from negative energy.
   Stlth:     It makes you more stealthy.
 M - the +6 shillelagh "Devastator" {shatter}
   (You bought it in a shop on level 4 of the Dungeon)

   It releases a powerful concussive burst when it strikes, dealing extra damage
   to the target and all other foes adjacent to them.
Armour
 r - a +1 pair of boots (worn)
 v - a +0 helmet (worn)
 B - a +0 pair of gloves of stealth
 L - a scarf of resistance (worn)
 O - the +1 chain mail "Xukuc" (worn) {rF+ Dex+5}
   (You found it on level 1 of the Lair of Beasts)

   Dex:       It affects your dexterity (+5).
   rF:        It protects you from fire.
 U - the +18 shield of the Gong (worn) {rElec rN+ Will+ EV-5}
   (You bought it in a shop on level 5 of the Dungeon)

   It is deafeningly noisy when blocking attacks.
   EV:        It affects your evasion (-5).
   rElec:     It insulates you from electricity.
   rN:        It protects you from negative energy.
   Will:      It increases your willpower.
 X - a +1 pair of gloves of archery (worn)
Jewellery
 f - a +6 ring of strength
 j - a ring of willpower (left hand)
 l - a ring of see invisible
 F - the ring of the Tortoise {AC+8}
   (You took it off a deep elf demonologist on level 3 of the Elven Halls)

   [ring of protection]

   AC:        It affects your AC (+8).
 K - a +6 ring of strength
 N - a ring of ice
 R - the amulet of Inyvubb (around neck) {Reflect rC+ Str+4 SH+5}
   (You took it off a deep elf sorcerer on level 3 of the Elven Halls)

   [amulet of reflection]

   It reflects blocked missile attacks.
   Str:       It affects your strength (+4).
   rC:        It protects you from cold.
   SH:        It affects your SH (+5).
 T - a ring of fire
 Y - a ring of protection from cold
 Z - a ring of willpower (right hand)
Wands
 e - a wand of paralysis (8)
 u - a wand of polymorph (20)
 E - a wand of flame (40) (quivered)
 J - a wand of acid (5)
Scrolls
 b - 3 scrolls of magic mapping
 g - 6 scrolls of enchant armour
 h - a scroll of holy word
 k - 4 scrolls of vulnerability
 m - a scroll of fog
 n - 7 scrolls of teleportation
 o - 2 scrolls of summoning
 q - 3 scrolls of blinking
 s - a scroll of brand weapon
 x - 3 scrolls of amnesia
 y - 4 scrolls of noise
 z - 2 scrolls of torment
 C - 22 scrolls of identify
 D - a scroll of silence
 V - 4 scrolls of fear
Potions
 d - 2 potions of brilliance
 i - 4 potions of degeneration
 t - 7 potions of curing
 w - a potion of haste
 A - 3 potions of flight
 G - 6 potions of lignification
 H - 3 potions of mutation
 P - 5 potions of ambrosia
 Q - a potion of might
Miscellaneous
 a - a condenser vane (inert)
 c - a phantom mirror (inert)
 p - a lightning rod (4/4)
 W - a phial of floods


   Skills:
 + Level 15.6 Fighting
 + Level 17.3 Maces & Flails
 + Level 12.9 Armour
 - Level 6.2 Dodging
 - Level 2.1 Stealth
 + Level 21.8 Shields
 + Level 5.0 Evocations


You had 18 spell levels left.
You didn't know any spells.
Your spell library contained the following spells:

 Spells                   Type           Power      Damage    Failure   Level
 Animate Skeleton         Necr           0%         N/A       78%         1
 Beastly Appendage        Tmut           0%         N/A       78%         1
 Freeze                   Ice            0%         1d3       78%         1
 Magic Dart               Conj           0%         1d3       78%         1
 Pain                     Necr           0%         1d4       78%         1
 Sting                    Tmut/Pois      0%         1d3       78%         1
 Call Imp                 Summ           0%         N/A       89%         2
 Poisonous Vapours        Pois/Air       0%         N/A       89%         2
 Searing Ray              Conj           0%         3d3       89%         2
 Slow                     Hex            0%         N/A       89%         2
 Wereblood                Tmut           0%         N/A       89%         2
 Confusing Touch          Hex            0%         N/A       98%         3
 Frozen Ramparts          Ice            0%         1d2       98%         3
 Ignite Poison            Fire/Tmut/Pois 0%         N/A       98%         3
 Mephitic Cloud           Conj/Pois/Air  0%         N/A       98%         3
 Portal Projectile        Hex/Tloc       0%         N/A       98%         3
 Spider Form              Tmut/Pois      0%         N/A       98%         3
 Stone Arrow              Conj/Erth      0%         3d7       98%         3
 Vampiric Draining        Necr           0%         2d6       98%         3
 Animate Armour           Summ/Erth      0%         N/A       100%        4
 Fulminant Prism          Conj/Hex       0%         3d6       100%        4
 Hailstorm                Conj/Ice       0%         3d3       100%        4
 Ice Form                 Ice/Tmut       0%         N/A       100%        4
 Olgreb's Toxic Radiance  Pois           0%         N/A       100%        4
 Summon Ice Beast         Ice/Summ       0%         N/A       100%        4
 Agony                    Necr           0%         N/A       100%        5
 Blade Hands              Tmut           0%         N/A       100%        5
 Bolt of Magma            Conj/Fire/Erth 0%         4d4       100%        5
 Excruciating Wounds      Necr           0%         N/A       100%        5
 Summon Mana Viper        Hex/Summ       0%         N/A       100%        5
 Yara's Violent Unravell  Hex/Tmut       0%         3d3       100%        5
 Simulacrum               Ice/Necr       0%         N/A       100%        6
 Monstrous Menagerie      Summ           0%         N/A       100%        7
 Lehudib's Crystal Spear  Conj/Erth      0%         10d2      100%        8
 Chain Lightning          Conj/Air       0%         N/A       100%        9
 Fire Storm               Conj/Fire      0%         5d1       100%        9


Dungeon Overview and Level Annotations

Branches:
Dungeon (15/15)            Temple (0/1) D:5            Lair (6/6) D:10
 Shoals (3/4) Lair:2       Spider (0/4) Lair:4        Slime (0/5) Lair:6
    Orc (2/2) D:12            Elf (3/3) Orc:2        Vaults (0/5) D:14
 Depths (0/5) D:15        Gauntlet (visited)

Altars:
Elyvilon
Gozag
Nemelex Xobeh
Qazlal
Ru
Sif Muna
Trog
Uskayaw
Vehumet
Yredelemnul
Zin
The Shining One
Beogh
Lugonu

Shops:
D:4 (   D:5 [   D:10 (   Orc:2 [([*   Elf:2 [([=   Elf:3 [   Shoals:1 *

Portals:
Abyss: Lair:6

Annotations:
D:3 3 runed translucent doors, Dittersdorf's ghost, amateur GrFi
D:7 3 runed translucent doors, frimble's ghost, novice GnWn
Lair:4 exclusion: 4 oklob plants
Lair:6 exclusion: 3 oklob plants


Innate Abilities, Weirdness & Mutations

You are immune to sickness and miasma.
Your stone body is resilient. (AC +14)
You are immune to poison.
Your large and strong wings let you fly.
You resist negative energy. (rN+)
You are resistant to electric shocks. (rElec)
You are resistant to unholy torment.
You are immune to petrification.


Message History

The boomerang hits you but does no damage.
The merfolk hits you from afar with a +0 trident.
The merfolk hits something from afar with a +0 trident.
Unknown command.
Unknown command.
Unknown command.
I - the +10 eveningstar of the Hierophant (weapon)
{vorpal, rF+ rN+ Stlth+} You block the tentacle's attack.
GONNNNG!
You block the kraken's attack.
GONNNNG!
The merfolk hits you but does no damage.
The tentacle slaps you but does no damage.
The tentacle slaps you! You block the merfolk's attack.
SHROANNG!
Unknown command.
Unknown command.
You puncture the wind drake!
The wind drake is moderately wounded.
You block the tentacle's attack.
BOUMMMMG!
You block the merfolk's attack.
GONNNNG!
Something slaps your kraken but does no damage.
You block the merfolk's attack.
GONNNNG!
The kraken bites you!!
* * * LOW HITPOINT WARNING * * *
The tentacle slaps you but does no damage.
You block the merfolk's attack.
GONNNNG!
The tentacle slaps you but does no damage.
You block the snapping turtle's attack.
PANG!
Your kraken bites the kraken!
The merfolk hits your kraken with a +0 trident.
The merfolk javelineer throws a silver javelin.
The silver javelin pierces through you!
You die...
Your body crumbles into a pile of gold.

≈≈≈≈..≈≈≈≈≈≈≈≈≈
≈≈≈≈≈≈≈≈≈≈≈≈≈≈≈
≈≈≈c≈≈≈≈≈≈≈≈≈≈≈
≈≈≈≈c≈w≈≈≈≈≈≈≈≈≈
≈≈ccc≈≈≈≈§≈≈≈≈≈≈
≈≈≈≈≈§§§X§≈≈≈≈≈≈
≈≈≈≈≈mwXm§≈≈≈≈≈.
≈≈≈≈≈E§@wH§≈≈≈..
≈≈≈≈≈mwk≈m≈≈≈...
≈≈≈≈≈mmm$t≈≈≈...
≈≈≈≈≈m$H$.≈≈≈...
≈≈≈≈≈$$###......
≈≈≈≈≈$. ..≈...
≈≈≈≈..# #....
≈≈.(## ..≈. ≈≈.#
..


You could see a kraken, a merfolk javelineer, a snapping turtle, a wind drake
(repels missiles), 7 merfolk, 2 manticores, 3 tentacles, a water elemental and a
friendly kraken (summoned, drained).

Vanquished Creatures
  2 deep elf master archers (Elf:3)
  3 deep elf blademasters
  2 krakens
  Frances (D:13)
  Kirke (D:14)
  Polyphemus (Shoals:3)
  3 deep elf sorcerers
  2 frost giants (Shoals:2)
  An orc warlord (Orc:2)
  5 deep elf elementalists
  7 deep elf annihilators
  6 deep elf demonologists (Elf:3)
  A minotaur (Gauntlet)
  2 merfolk impalers (Shoals:1)
  A merfolk javelineer (Shoals:1)
  4 deep elf death magi (Elf:3)
  A deep elf high priest (Elf:3)
  11 hydras
  3 boulder beetles
  2 catoblepae
  An ogre mage (D:15)
  A death knight (D:15)
  5 two-headed ogres
  An anaconda (shapeshifter) (Elf:2)
  7 centaur warriors
  3 merfolk aquamancers
  2 tengu warriors (D:13)
  3 thrashing horrors (Lair:6)
  8 death yaks
  19 deep elf knights
  Sonja (Lair:4)
  A fire crab (shapeshifter) (Elf:3)
  A skeletal warrior (D:14)
  A sea snake (shapeshifter) (Gauntlet)
  A death drake (shapeshifter) (D:15)
  13 sea snakes
  A kraken simulacrum (Shoals:2)
  6 wizards (D:13)
  12 deep elf archers
  A phantasmal warrior (D:15)
  A lindwurm (Lair:5)
  4 wolf spider zombies (D:15)
  31 deep elf zephyrmancers
  28 deep elf pyromancers
  7 fauns
  5 harpies (Shoals:3)
  A wolf spider (D:15)
  3 cyclopes
  4 orc sorcerers (Orc:2)
  A salamander (shapeshifter) (Lair:6)
  10 ugly things
  7 elephants
  11 manticores
  A worldbinder (Gauntlet)
  7 merfolk sirens
  Joseph (D:7)
  3 water nymphs
  4 black mambas
  9 centaur zombies
  3 smoke demons (Lair:6)
  14 cane toads
  2 rime drakes
  A torpor snail (Lair:6)
  An unseen horror (D:11)
  2 efreet
  Maggie (D:7)
  3 tengu conjurers
  A komodo dragon (shapeshifter) (D:13)
  2 freezing wraiths (D:15)
  11 komodo dragons
  2 ancient zymes (Lair:6)
  13 merfolk
  2 queen bees
  5 trolls
  A meliai (shapeshifter) (D:15)
  A harpy zombie (D:15)
  3 polar bears
  A wind drake (shapeshifter) (D:14)
  3 wind drakes
  3 snapping turtles
  3 slime creatures (D:12)
  9 blink frogs
  6 dream sheep (Lair:6)
  A dream sheep (shapeshifter) (Gauntlet)
  4 meliai zombies
  A shadow (D:12)
  A vampire (D:11)
  2 air elementals
  A spriggan (Lair:6)
  3 redbacks (Lair:4)
  9 water elementals
  6 wyverns
  68 yaks
  7 basilisks
  2 alligator snapping turtle simulacra (Shoals:2)
  3 wraiths
  A ynoxinul (Lair:6)
  A hog (D:14)
  2 fire elementals
  2 death yak simulacra (Shoals:2)
  5 sea snake simulacra (Shoals:2)
  7 vampire mosquitoes (D:13)
  A chaos spawn (Lair:6)
  A harpy simulacrum (Shoals:2)
  2 wargs (Orc:2)
  12 water moccasins
  An acid dragon (D:10)
  A water moccasin (shapeshifter) (Elf:2)
  43 orc warriors
  A sky beast (D:6)
  3 ice beasts
  An ogre (shapeshifter) (Lair:6)
  4 black bears
  A hornet zombie (D:15)
  An ice beast (shapeshifter) (Gauntlet)
  2 satyr simulacra (Shoals:2)
  A black bear (shapeshifter) (D:14)
  11 ogres
  11 boggarts
  9 wolves
  10 small abominations
  24 centaurs
  7 kobold brigands
  2 earth elementals (Elf:1)
  10 bullfrogs
  A merfolk simulacrum (Shoals:2)
  A wyvern zombie (D:8)
  A faun simulacrum (Shoals:2)
  3 scorpions
  2 manticore simulacra (Shoals:2)
  A water moccasin skeleton (D:6)
  A snapping turtle simulacrum (Shoals:2)
  5 wights
  31 killer bees
  An electric eel (Lair:3)
  2 howler monkeys
  A bullfrog zombie (D:6)
  A hound (D:6)
  23 orc priests
  2 jellies
  5 cyclops simulacra (Shoals:2)
  A bullfrog skeleton (D:7)
  5 centaur skeletons
  Ijyb (D:3)
  24 orc wizards
  Natasha (thrice) (D:3)
  2 iguanas
  A hound skeleton (D:4)
  4 adders
  5 gnolls
  A howler monkey skeleton (D:6)
  A shadow imp (D:6)
  A white imp (D:6)
  An adder skeleton (D:4)
  3 worms
  2 dart slugs
  101 orcs
  5 ball pythons
  6 endoplasms
  4 giant cockroaches
  6 goblins
  7 hobgoblins
  4 jackals (D:3)
  21 kobolds
  4 quokkas
  6 bats
  2 frilled lizards (D:1)
  A quokka skeleton (D:4)
  6 rats
  A butterfly (Lair:5)
  4 tentacles
977 creatures vanquished.

Vanquished Creatures (collateral kills)
  A deep elf death mage (Elf:3)
  A deep elf zephyrmancer (Elf:3)
  A merfolk (Shoals:1)
  A tentacle (Shoals:3)
4 creatures vanquished.

Vanquished Creatures (others)
  28 dancing weapons
  2 deep elf knights
  A sea snake (Shoals:3)
  2 wizards (D:13)
  A water nymph (Shoals:1)
  3 humans (D:14)
  An orc priest (D:7)
  23 fungi
  105 plants
  24 tentacles
  A withered plant (D:11)
191 creatures vanquished.

Grand Total: 1172 creatures vanquished

Notes
Turn   | Place    | Note
-------+----------+-------------------------------------------
     0 | D:1      | olmar the Gargoyle Fighter began the quest for the Orb.
     0 | D:1      | Reached XP level 1. HP: 14/14 MP: 1/1
   180 | D:1      | Reached XP level 2. HP: 19/19 MP: 2/2
   301 | D:1      | Found a faded altar of an unknown god.
   890 | D:2      | Reached XP level 3. HP: 24/24 MP: 3/3
  1612 | D:3      | Noticed a scorpion
  1615 | D:3      | Found a sacrificial altar of Ru.
  1620 | D:3      | Killed a scorpion
  1621 | D:3      | Reached skill level 1 in Dodging
  1621 | D:3      | Reached XP level 4. HP: 26/29 MP: 4/4
  1822 | D:3      | Noticed Ijyb
  1939 | D:3      | Killed Ijyb
  1940 | D:3      | Reached XP level 5. HP: 23/33 MP: 5/5
  2065 | D:3      | Found a runed translucent gate.
  2065 | D:3      | Found a runed translucent gate.
  2066 | D:3      | Found a runed translucent gate.
  2070 | D:3      | Noticed Dittersdorf's ghost (amateur GrFi)
  2276 | D:3      | Noticed Natasha
  2286 | D:3      | Killed Natasha
  2651 | D:3      | Noticed Natasha
  3024 | D:3      | Killed Natasha
  3025 | D:3      | Reached skill level 4 in Shields
  3070 | D:3      | Noticed Natasha
  3080 | D:3      | Killed Natasha
  3081 | D:3      | Reached skill level 1 in Stealth
  3081 | D:3      | Reached XP level 6. HP: 30/38 MP: 6/6
  3536 | D:4      | Reached XP level 7. HP: 22/44 MP: 7/7
  3834 | D:4      | Reached skill level 5 in Dodging
  3834 | D:4      | Reached skill level 7 in Shields
  3834 | D:4      | Reached XP level 8. HP: 40/54 MP: 8/8
  3836 | D:4      | Reached skill level 9 in Shields
  3836 | D:4      | Reached XP level 9. HP: 40/60 MP: 9/9
  4076 | D:4      | Found Onunwo's Antique Weapon Shop.
  4196 | D:5      | Entered Level 5 of the Dungeon
  4250 | D:5      | Found a glowing silver altar of Zin.
  4251 | D:5      | Found a bloodstained altar of Trog.
  4252 | D:5      | Found a sparkling altar of Nemelex Xobeh.
  4253 | D:5      | Found a hide-covered altar of Uskayaw.
  4254 | D:5      | Found an opulent altar of Gozag.
  4262 | D:5      | Became a worshipper of Gozag Ym Sagoz the Greedy
  4363 | D:5      | Found a staircase to the Ecumenical Temple.
  4743 | D:5      | Found Eckiny's Antique Armour Emporium.
  5497 | D:6      | Found a glowing golden altar of the Shining One.
  6102 | D:7      | Noticed Maggie
  6122 | D:7      | Killed Maggie
  6826 | D:7      | Reached XP level 10. HP: 66/66 MP: 10/10
  7082 | D:7      | Found a basalt altar of Yredelemnul.
  7096 | D:7      | Found a shimmering blue altar of Sif Muna.
  7209 | D:7      | Found a runed translucent gate.
  7210 | D:7      | Found a runed translucent gate.
  7210 | D:7      | Noticed frimble's ghost (novice GnWn)
  7211 | D:7      | Found a runed translucent gate.
  7283 | D:7      | Noticed Joseph
  7306 | D:7      | Killed Joseph
  8262 | D:8      | Noticed a deep elf pyromancer
  8280 | D:8      | Killed a deep elf pyromancer
  8617 | D:8      | Found a stormy altar of Qazlal.
  9310 | D:9      | Identified the +7 long sword of the Ancients {freeze,
                  | Stlth+}
  9750 | D:9      | Reached skill level 10 in Maces & Flails
  9998 | D:10     | Entered Level 10 of the Dungeon
 10148 | D:10     | Noticed a two-headed ogre
 10162 | D:10     | Killed a two-headed ogre
 10163 | D:10     | Reached skill level 10 in Shields
 10300 | D:10     | Reached XP level 11. HP: 72/72 MP: 11/11
 10750 | D:10     | Found a white marble altar of Elyvilon.
 10801 | D:10     | Found Uqamaora's Weapon Emporium.
 10841 | D:10     | Found a staircase to the Lair.
 11091 | D:4      | Bought the +6 shillelagh "Devastator" {shatter} for 1140
                  | gold pieces
 11091 | D:4      | Found the +6 shillelagh "Devastator" {shatter}
 11265 | Lair:1   | Entered Level 1 of the Lair of Beasts
 11959 | Lair:1   | Identified the +1 chain mail "Xukuc" {rF+ Dex+5}
 12285 | Lair:1   | Reached skill level 10 in Fighting
 12923 | Lair:2   | Identified a scroll of acquirement
 12923 | Lair:2   | Acquired the +10 eveningstar of the Hierophant {vorpal, rF+
                  | rN+ Stlth+}
 12964 | Lair:2   | Noticed a six-headed hydra
 12966 | Lair:2   | Reached skill level 11 in Shields
 12973 | Lair:2   | Killed a six-headed hydra
 13029 | Lair:2   | You fall into a shaft and drop 1 floor!
 13100 | Lair:3   | Reached XP level 12. HP: 37/77 MP: 12/12
 13391 | Lair:3   | Found a gate leading to a gauntlet.
 13403 | Gauntlet | Entered a Gauntlet
 13403 | Gauntlet | Found a transporter.
 13403 | Gauntlet | Found a transporter.
 13403 | Gauntlet | Found a transporter.
 13404 | Gauntlet | Found a transporter.
 13410 | Gauntlet | Found a transporter.
 13413 | Gauntlet | Found a transporter.
 13525 | Gauntlet | Found a transporter.
 13525 | Gauntlet | Found a transporter.
 13575 | Gauntlet | Found a transporter.
 13618 | Gauntlet | Found a transporter.
 13636 | Gauntlet | Noticed a minotaur
 13644 | Gauntlet | Killed a minotaur
 13645 | Gauntlet | Reached skill level 12 in Shields
 13724 | Lair:2   | Noticed a six-headed hydra
 13733 | Lair:2   | Killed a six-headed hydra
 13852 | Lair:2   | Found a staircase to the Shoals.
 14120 | Lair:2   | Noticed a boulder beetle
 14143 | Lair:2   | Killed a boulder beetle
 14144 | Lair:2   | Reached XP level 13. HP: 56/83 MP: 13/13
 15097 | Lair:4   | Noticed Sonja
 15103 | Lair:4   | Killed Sonja
 15402 | Lair:4   | Reached skill level 13 in Shields
 15404 | Lair:4   | Found a hole to the Spider Nest.
 16799 | Lair:6   | Entered Level 6 of the Lair of Beasts
 16992 | Lair:6   | Found a staircase to the Slime Pits.
 17020 | Lair:6   | Gained mutation: Your large and strong wings let you fly.
                  | [Gargoyle growth]
 17020 | Lair:6   | Reached XP level 14. HP: 73/90 MP: 14/14
 17395 | D:5      | Bought the +18 shield of the Gong {rElec rN+ Will+ EV-5}
                  | for 2335 gold pieces
 17395 | D:5      | Found the +18 shield of the Gong {rElec rN+ Will+ EV-5}
 17945 | D:11     | Reached skill level 15 in Maces & Flails
 17968 | D:11     | Found a radiant altar of Vehumet.
 18156 | D:11     | Reached skill level 14 in Shields
 19118 | D:12     | Found a staircase to the Orcish Mines.
 19399 | D:13     | Reached skill level 15 in Shields
 19822 | Lair:5   | Reached XP level 15. HP: 92/97 MP: 15/15
 19916 | Lair:6   | Identified the +1 plate armour of Aschuhasch {MP+9 Int+3}
 20051 | Lair:6   | Reached skill level 10 in Armour
 20177 | Lair:6   | Reached skill level 16 in Shields
 20199 | Lair:6   | Found a corrupted altar of Lugonu.
 20199 | Lair:6   | Found a one-way gate to the infinite horrors of the Abyss.
 20862 | Orc:1    | Entered Level 1 of the Orcish Mines
 21199 | Orc:2    | Entered Level 2 of the Orcish Mines
 21199 | Orc:2    | Found a staircase to the Elven Halls.
 21268 | Orc:2    | Noticed an orc warlord
 21309 | Orc:2    | Killed an orc warlord
 21805 | Orc:2    | Found Fiobuis's Antique Armour Emporium.
 21830 | Orc:2    | Found Rywelof's General Store.
 21835 | Orc:2    | Bought a scroll of acquirement for 936 gold pieces
 21835 | Orc:2    | Bought a scroll of magic mapping for 63 gold pieces
 21835 | Orc:2    | Bought a potion of curing for 54 gold pieces
 21835 | Orc:2    | Acquired 613 gold pieces
 21998 | Orc:2    | Found Ynu Dov's Antique Armour Emporium.
 22000 | Orc:2    | Found Qaekk's Antique Weapon Shoppe.
 22269 | D:13     | Noticed Frances
 22280 | D:13     | Killed Frances
 22646 | D:13     | Found the +3 warlock's mirror {reflect}
 22953 | D:14     | Noticed Kirke
 22963 | D:14     | Killed Kirke
 23014 | D:14     | Identified the +4 short sword "Sageag" {elec, +Blink rF+
                  | Int-3 Dex+2}
 23145 | D:14     | Reached skill level 17 in Shields
 23180 | D:14     | Reached XP level 16. HP: 104/104 MP: 16/16
 23279 | D:14     | Found a gate to the Vaults.
 23742 | D:15     | Entered Level 15 of the Dungeon
 24014 | D:15     | Found a sparkling altar of Nemelex Xobeh.
 24160 | D:15     | Found a staircase to the Depths.
 24336 | D:15     | Reached skill level 1 in Evocations
 24392 | D:15     | Found a basalt altar of Yredelemnul.
 24733 | Elf:1    | Entered Level 1 of the Elven Halls
 24738 | Elf:1    | You are sucked into a shaft and drop 1 floor!
 24738 | Elf:2    | Found a huge runed translucent gate.
 24738 | Elf:2    | Found a huge runed translucent gate.
 24740 | Elf:2    | Reached skill level 18 in Shields
 24750 | Elf:2    | Found a huge runed translucent gate.
 24930 | Elf:2    | Found Keufar's Jewellery Shop.
 24996 | Elf:2    | Paralysed by an air elemental for 1 turns
 25002 | Elf:2    | Paralysed by an air elemental for 1 turns
 25479 | Elf:1    | Reached XP level 17. HP: 111/111 MP: 17/17
 26006 | Elf:1    | Reached skill level 19 in Shields
 26527 | Elf:2    | Found Wegragog's Armour Shop.
 26583 | Elf:2    | Found Ommofen's Antique Armour Shop.
 26592 | Elf:2    | Bought a warped plate armour for 980 gold pieces
 26592 | Elf:2    | Identified the +0 plate armour of Toothy Leaves {Int+4}
                  | (You bought it in a shop on level 2 of the Elven Halls)
 26726 | Elf:2    | Found Conauruj's Antique Weapon Boutique.
 26924 | Elf:2    | Found a huge runed translucent gate.
 26925 | Elf:2    | Found a huge runed translucent gate.
 27178 | Elf:2    | Noticed a deep elf blademaster
 27200 | Elf:2    | Killed a deep elf blademaster
 27839 | Elf:3    | Entered Level 3 of the Elven Halls
 28240 | Elf:3    | Found Ruaturoe's Armour Emporium.
 28309 | Elf:3    | Reached skill level 20 in Shields
 28932 | Elf:3    | Reached XP level 18. HP: 89/117 MP: 18/18
 28937 | Elf:3    | Noticed a deep elf master archer
 28960 | Elf:3    | Killed a deep elf master archer
 28979 | Elf:3    | Noticed a deep elf blademaster
 28989 | Elf:3    | Noticed a deep elf blademaster
 29003 | Elf:3    | Killed a deep elf blademaster
 29003 | Elf:3    | Killed a deep elf blademaster
 29006 | Elf:3    | Noticed a deep elf master archer
 29015 | Elf:3    | Killed a deep elf master archer
 29016 | Elf:3    | Reached skill level 15 in Fighting
 29113 | Elf:3    | Noticed a Hell Sentinel
 29759 | Elf:3    | Identified the amulet of Inyvubb {Reflect rC+ Str+4 SH+5}
 29856 | Elf:3    | Identified the +0 leather armour "Ixtiowuo" {rPois Int-2
                  | Stlth+}
 30360 | Shoals:1 | Entered Level 1 of the Shoals
 30384 | Shoals:1 | Reached skill level 21 in Shields
 31127 | Shoals:1 | Found Vylu Fot's General Store.
 31670 | Shoals:2 | Reached XP level 19. HP: 99/124 MP: 19/19
 31916 | Shoals:2 | Found a runed translucent gate.
 31917 | Shoals:2 | Found a runed translucent gate.
 31918 | Shoals:2 | Found a runed translucent gate.
 32664 | Shoals:3 | Noticed Polyphemus
 32675 | Shoals:3 | Killed Polyphemus
 32676 | Shoals:3 | Reached skill level 5 in Evocations
 32943 | Shoals:3 | Hit by a silver javelin thrown by a merfolk javelineer

Illustrated notes

Levels and vault maps discovered:
D:1:      nagdon_arrival_double_spiral, layout_rooms,
          chequers_ecumenical_altar_twisty
D:2:      layout_loops_ring
D:3:      layout_basic, mainiacjoe_overflow_alcove_4, gammafunk_ghost_split,
          uniq_ijyb, uniq_natasha
D:4:      layout_rooms, serial_shops, nicolae_lakefront_shop, minmay_surrounded
D:5:      layout_loops_ring, grunt_temple_overflow_open,
          minmay_temple_entry_statues_pillars, serial_shops,
          nicolae_diamond_shop, minmay_misc_feat_x
D:6:      layout_basic, mainiacjoe_overflow_brackets, hex_intersection
D:7:      layout_basic, mainiacjoe_overflow_catwalk_spiral, gammafunk_ghost_icy,
          uniq_maggie, uniq_joseph
D:8:      layout_layer_cave, overflow_temple_1_default, minmay_curled_crystal
D:9:      layout_loops_ring
D:10:     layout_long_grid, elyvilon_altar_4, grunt_lair_entry_orc_guard_hut,
          serial_shops, nicolae_shop_crystal
D:11:     layout_gridville, serial_undead, serial_undead_c, serial_undead_b,
          serial_undead_c, serial_undead_d, special_room [special_room_orc],
          vehumet_altar_wand_db
D:12:     layout_basic, david_orc_1_choice, corexii_checkpoint_b
D:13:     minmay_smoke_and_mirrors, layout_loops_corners, uniq_frances
D:14:     layout_roguey, hangedman_vaults_entry_quadrant_bands, minivault_19,
          kennysheep_generic_room_6, uniq_kirke
D:15:     hangedman_depths_entry_try_elsewhere_first, layout_cave_pools,
          serial_column_ruins, column_ruins_hut, column_ruins_hut,
          column_ruins_columns_straight, column_ruins_open_large,
          column_ruins_grid_2, column_ruins_grid_1, column_ruins_grid_2,
          nemelex_xobeh_ov_fountains_minmay, minmay_door_square,
          nicolae_yredelemnul_corpse_copse
Lair:1:   layout_layer_cave, special_room [special_room_bee],
          hibernation_bobbens, infiniplex_staircase_pool
Lair:2:   layout_chaotic_city, minmay_shoals_entry_centaurs, enter_volcano_2
Lair:3:   layout_chaotic_city, gauntlet_entry_generic, gammafunk_lair_bear_cave
Lair:4:   layout_regular_city, spider_nest_entry_webs,
          minmay_lair_oklob_chamber, uniq_sonja
Lair:5:   layout_roguey, chequers_serial_rivers_large_a, lemuel_fruit_fields
Lair:6:   hellmonk_lair_end_abyssal_woods, layout_long_grid, slime_dummy,
          chequers_serial_rivers_room_b, hangedman_lair_unloving_vines,
          dpeg_oklob_1
Shoals:1: layout_shoals, serial_shops, nicolae_take_the_stairs
Shoals:2: layout_shoals, nicolae_shoals_beach_cooler
Shoals:3: layout_shoals, nicolae_shoals_sun_and_surf, uniq_polyphemus
Orc:1:    layout_caves
Orc:2:    grunt_orc_community_town_hall, layout_caves,
          grunt_orc_community_big_house_2, grunt_orc_community_big_house_1,
          grunt_orc_community_house_2, grunt_orc_community_house_1,
          grunt_orc_community_house_2, grunt_orc_community_house_2,
          small_statue_alley_c
Elf:1:    elf_arrival_001, layout_gridlike, hangedman_corner_corridor
Elf:2:    elven_hall_of_blades_hangedman_alternative
          [nicolae_vaults_blade_armed_guards], layout_loops_cross, serial_shops,
          shop, nicolae_stop_n_shop_2, nicolae_shop_waterfront,
          nicolae_stop_n_shop_1
Elf:3:    grunt_elf_hall_asides, layout_geoelf_octagon, serial_shops, shop

Skill      XL: |  1  2  3  4  5  6  7  8  9 10 11 12 13 14 15 16 17 18 19 |
---------------+----------------------------------------------------------+-----
Maces & Flails | 3 4 7 8 9 10 11 13 14 15 16 17 | 17.3
Armour         | 4 7 8 9 10 11 12 | 12.9
Dodging        | 1 5 6 |  6.2
Fighting       | 4 7 9 10 11 12 13 14 15 | 15.6
Shields        | 4 7 9 10 11 12 13 15 17 18 20 21 | 21.8
Stealth        | 1 2 |  2.1
Evocations     | 2 4 5 |  5.0

Action                   |  1- 3 |  4- 6 |  7- 9 | 10-12 | 13-15 | 16-18 | 19-21 || total
-------------------------+-------+-------+-------+-------+-------+-------+-------++-------
Melee: Flail             |    95 |   175 |    19 |       |       |       |       ||   289
       Unarmed           |       |    13 |       |       |       |       |       ||    13
       Mace              |       |       |   154 |   259 |       |       |       ||   413
       Shillelagh        |       |       |       |   249 |   855 |   569 |    55 ||  1728
       Eveningstar       |       |       |       |    10 |       |   301 |    35 ||   346
Throw: Throwing net      |       |       |     1 |     1 |       |       |       ||     2
Evoke: Wand              |       |       |     4 |    22 |    20 |    44 |    22 ||   112
       Phial of floods   |       |       |       |       |     2 |     3 |       ||     5
       Condenser vane    |       |       |       |       |       |     5 |     1 ||     6
       Phantom mirror    |       |       |       |       |       |     3 |     2 ||     5
       Lightning rod     |       |       |       |       |       |     5 |       ||     5
  Use: Potion            |       |       |    13 |     6 |     4 |    13 |       ||    36
       Scroll            |       |       |     9 |     6 |     7 |     5 |     1 ||    28
 Stab: Sleeping          |       |     1 |     1 |       |       |       |       ||     2
       Invisible         |       |       |     1 |       |       |       |       ||     1
       Distracted        |       |       |       |     3 |    12 |     8 |       ||    23
       Held in net/web   |       |       |       |       |     2 |       |       ||     2
Armor: Scale mail        |    46 |    14 |       |       |       |       |       ||    60
       Skin              |       |     4 |     8 |     2 |       |       |       ||    14
       Leather armour    |       |    67 |    45 |       |       |       |       ||   112
       Swamp dragon scal |       |       |     5 |    44 |       |       |       ||    49
       Chain mail        |       |       |       |   105 |   203 |   148 |    36 ||   492
Dodge: Dodged            |    24 |    77 |    66 |   139 |   111 |    66 |    17 ||   500
Block: Kite shield       |    37 |    99 |    89 |   397 |   681 |  1044 |   166 ||  2513
       Reflection        |       |       |       |    17 |       |    87 |    21 ||   125

Table legend: (Time is in decaauts)
 A = Elapsed time spent in this place.
 B = Non-inter-level travel time spent in this place.
 C = Inter-level travel time spent in this place.
 D = Time resting spent in this place.
 E = Time spent auto-exploring this place.
 F = Levels seen in this place.
 G = Mean time per level.
                   A        B        C        D        E       F      G
               +--------+--------+--------+--------+--------+-----+--------+
         Total |  32402 |  29696 |   2706 |   2451 |  21280 |  30 | 1080.1 |
       Dungeon |  16488 |  14974 |   1514 |    917 |  11320 |  15 | 1099.2 |
          Lair |   6763 |   5985 |    778 |    159 |   4456 |   6 | 1127.2 |
        Shoals |   2505 |   2407 |     98 |    401 |   1592 |   3 |  835.0 |
  Orcish Mines |   1150 |   1076 |     74 |      0 |    778 |   2 |  575.0 |
   Elven Halls |   5272 |   5033 |    239 |    974 |   3107 |   3 | 1757.3 |
      Gauntlet |    221 |    221 |      0 |      0 |     27 |   1 |  221.0 |
               +--------+--------+--------+--------+--------+-----+--------+

Top non-repeatable levels by time:
   Elf:3: 2194 daAuts
   Elf:2: 1935 daAuts
     D:3: 1848 daAuts
     D:7: 1825 daAuts
  Lair:1: 1735 daAuts
     D:8: 1423 daAuts
    D:10: 1369 daAuts
     D:4: 1293 daAuts
Shoals:2: 1240 daAuts
Shoals:1: 1236 daAuts
    D:13: 1205 daAuts
  Lair:6: 1168 daAuts
   Elf:1: 1143 daAuts
  Lair:4: 1074 daAuts
  Lair:3: 1031 daAuts
